 Dungeon Crawl Stone Soup version 0.28.0-49-g6dfe1f597d (webtiles) character file.

Game seed: 17564351024433000727

116 Exodus22XD the Poker (level 4, -1/34 HPs)
             Began as a Demonspawn Gladiator on May 15, 2022.
             Succumbed to an orc wizard's poison
             ... on level 2 of the Dungeon.
             The game lasted 00:01:43 (1515 turns).

Exodus22XD the Poker (Demonspawn Gladiator)         Turns: 1515, Time: 00:01:43

Health: -1/34      AC:  6    Str: 17    XL:     4   Next: 70%
Magic:  4/4        EV: 14    Int:  9    God:
Gold:   104        SH:  0    Dex: 14    Spells: 3/3 levels left

rFire   . . .      SeeInvis .   a - +0 trident
rCold   . . .      Faith    .   (no shield)
rNeg    . . .      Spirit   .   b - +0 leather armour
rPois   .          Reflect  .   i - +2 helmet
rElec   .          Harm     .   (no cloak)
rCorr   .          Rampage  .   (no gloves)
Will    .....                   (no boots)
Stlth   +.........              (no amulet)
HPRegen 1.11/turn               (no ring)
MPRegen 0.09/turn               (no ring)

@: lethally poisoned (-1 -> -10)
A: repulsion field 1, powered by death 1, demonic touch 1
a: no special abilities


You were on level 2 of the Dungeon.
You visited 1 branch of the dungeon, and saw 2 of its levels.

You collected 104 gold pieces.

Inventory:

Hand Weapons
 a - a +0 trident (weapon)
Missiles
 d - 3 throwing nets (quivered)
Armour
 b - a +0 leather armour (worn)
 c - a +0 helmet
 i - a +2 helmet (worn)
Scrolls
 g - a scroll of fear {unknown}
 h - a scroll of identify {unknown}
 j - 2 scrolls of noise {unknown}
Potions
 e - a potion of brilliance {unknown}
 f - a potion of mutation {unknown}


   Skills:
 + Level 2.4 Fighting
 + Level 4.0 Polearms
 + Level 1.8 Throwing
 + Level 1.1 Armour
 + Level 3.2 Dodging
 + Level 0.2 Stealth


You had 3 spell levels left.
You didn't know any spells.
Your spell library contained the following spells:

 Spells                   Type           Power      Damage    Failure   Level
 Foxfire                  Conj/Fire      0%         2x1d4     43%         1
 Corpse Rot               Necr/Air       0%         N/A       58%         2
 Poisonous Vapours        Pois/Air       0%         N/A       58%         2
 Conjure Flame            Conj/Fire      0%         6-21      82%         3
 Inner Flame              Hex/Fire       0%         N/A       82%         3
 Flame Wave               Conj/Fire      0%         2d4       99%         4


Dungeon Overview and Level Annotations

Branches:
Dungeon (2/15)

Altars:


Innate Abilities, Weirdness & Mutations

You are surrounded by a mild repulsion field. (EV +2)
You regenerate a little health from kills.
Your touch may inflict minor irresistible damage on your foes.


Message History

The orc misses you.
You bump into the rock wall.
You bump into the rock wall.
Something hits you but does no damage. The orc barely misses you.
Something hits you but does no damage.
You are poisoned.
The orc hits you but does no damage.
You bump into the rock wall.
You feel less confused.
You feel sick. Something hits you. The orc misses you.
You closely miss something. Your touch misses something.
You feel sick. Something hits you.
You are more poisoned.
The orc closely misses you.
You miss something.
You feel very sick. The orc barely misses you. Something hits you.
You hit the orc but do no damage.
You feel sick. The orc barely misses you. The orc hits you with a +0 club.
You hear some strange, mumbled words.
A magic dart appears from out of thin air!
The magic dart hits you!
* * * LOW HITPOINT WARNING * * *
The orc hits you from afar with a +0 trident.
* * * LOW HITPOINT WARNING * * *
Okay, then.
You puncture the orc!
You kill the orc!
You feel sick. Something hits you.
* * * LOW HITPOINT WARNING * * *
You are lethally poisoned!
The orc hits you but does no damage.
You miss something. Your touch misses something.
* * * LOW HITPOINT WARNING * * *
You feel very sick. Something hits you but does no damage.
You are more poisoned.
The orc completely misses you.
You hit something. Your touch misses something.
You die...

######### #........#
#........# #........#
#........####
#.......)...#######
...........'.....#
######.###.....#####.####
......oo@............>...
......##{###..).####..###
..... #.# ####.###.....#
.... #.# #†....#.#.# ...
#'# #######.#.# .. ...
.... #.....# . ... ...
#.#.... ... ... # ##..#
..... .. #.##..#


You could see 2 orcs.

Vanquished Creatures
  Natasha (twice) (D:2)
  An adder (D:2)
  2 worms (D:2)
  A dart slug (D:1)
  2 orcs (D:2)
  4 bats
  5 endoplasms
  3 giant cockroaches (D:1)
  6 goblins
  4 hobgoblins
  3 jackals (D:1)
  3 quokkas
  4 frilled lizards
  3 kobolds (D:2)
  3 rats
46 creatures vanquished.

Notes
Turn   | Place    | Note
-------+----------+-------------------------------------------
     0 | D:1      | Exodus22XD the Demonspawn Gladiator began the quest for the
                  | Orb.
     0 | D:1      | Reached XP level 1. HP: 16/16 MP: 1/1
    76 | D:1      | Reached skill level 3 in Polearms
    76 | D:1      | Gained mutation: You are surrounded by a mild repulsion
                  | field. (EV +2) [demonic ancestry]
    76 | D:1      | Reached XP level 2. HP: 22/22 MP: 2/2
   133 | D:1      | You fall into a shaft and drop 1 floor!
   189 | D:2      | Noticed Natasha
   190 | D:2      | Noticed a crimson imp
   191 | D:2      | Noticed a crimson imp
   204 | D:2      | Killed Natasha
   205 | D:2      | Gained mutation: Your touch may inflict minor irresistible
                  | damage on your foes. [demonic ancestry]
   205 | D:2      | Reached XP level 3. HP: 6/27 MP: 3/3
   492 | D:2      | Noticed Natasha
   502 | D:2      | Killed Natasha
   503 | D:2      | Gained mutation: You regenerate a little health from kills.
                  | [demonic ancestry]
   503 | D:2      | Reached XP level 4. HP: 24/33 MP: 4/4
   991 | D:1      | Found a faded altar of an unknown god.
  1321 | D:2      | Reached skill level 1 in Armour
  1323 | D:2      | Reached skill level 4 in Polearms
  1514 | D:2      | HP: 1/34 [poisoned by an orc wizard]
  1515 | D:2      | Succumbed to an orc wizard's poison

Illustrated notes

Levels and vault maps discovered:
D:1:      sevenhm_arrival_forest_fort_small_3, layout_loops_ring,
          ebering_ecumenical_altar_webs
D:2:      layout_basic, uniq_natasha

Skill      XL: |  1  2  3  4 |
---------------+-------------+-----
Polearms       | 3 4 |  4.0
Dodging        | 3 |  3.2
Armour         | 1 |  1.1
Fighting       | |  2.4
Throwing       | |  1.8
Stealth        | |  0.2

Action                   |  1- 3 |  4- 6 || total
-------------------------+-------+-------++-------
Melee: Trident           |    50 |    82 ||   132
       Touch             |       |    10 ||    10
       Punch             |       |     2 ||     2
 Stab: Distracted        |     1 |       ||     1
       Sleeping          |       |     1 ||     1
Armor: Leather armour    |     9 |    18 ||    27
Dodge: Dodged            |    19 |    51 ||    70
